 Dungeon Crawl Stone Soup version 0.30.0-10-gfe55d96785 (webtiles) character file.

Game seed: 4953778927793788102

1192 ryw the Fighter (level 8, -16/66 HPs)
             Began as a Demonspawn Monk on May 15, 2023.
             Was a Priest of Hepliaklqana.
             Demolished by a two-headed ogre
             ... wielding a +0 giant spiked club
              (18 damage)
             ... on level 6 of the Dungeon.
             The game lasted 00:08:20 (4908 turns).

ryw the Fighter (Demonspawn Monk)                   Turns: 4908, Time: 00:08:20

Health: -16/66     AC:  7    Str: 14    XL:     8   Next: 20%
Magic:  8/8        EV: 12    Int: 12    God:    Hepliaklqana [***...]
Gold:   415        SH:  0    Dex: 15    Spells: 7/7 levels left

rFire   . . .        a - +6 shillelagh "Devastator" {shatter}
rCold   . . .        c - orb {light}
rNeg    . . .        i - +1 leather armour {Will+}
rPois   .            (helmet restricted)
rElec   .            t - scarf {shadows}
rCorr   +            e - +1 pair of gloves
SInv    .            (no boots)
Will    +....        (no amulet)
Stlth   +            k - ring of resist corrosion
HPRegen 0.31/turn    (no ring)
MPRegen 0.11/turn

%: no passive effects
@: glowing
A: reduced essence, horns 2, rugged brown scales 1
a: Renounce Religion, Recall Ancestor, Ancestor Identity, Transference


You were on level 6 of the Dungeon.
You worshipped Hepliaklqana.
Hepliaklqana was most pleased with you.
You visited 1 branch of the dungeon, and saw 6 of its levels.

You collected 415 gold pieces.

Inventory:

Hand Weapons
 a - the +6 shillelagh "Devastator" (weapon) {shatter}
   (You found it on level 4 of the Dungeon)
 h - a +1 whip
Missiles
 n - 9 poisoned darts (quivered)
Armour
 c - an orb of light (worn)
 e - a +1 pair of gloves (worn)
 i - a +1 leather armour of willpower (worn)
 t - a scarf of shadows (worn)
Jewellery
 k - a ring of resist corrosion (left hand)
Wands
 f - a wand of acid (11)
Scrolls
 o - a scroll of fear
 v - a scroll of magic mapping
 w - a scroll of amnesia
 y - a scroll of butterflies
 z - a scroll of poison
Potions
 b - a potion of ambrosia
 d - 2 potions of haste
 g - 2 potions of cancellation {unknown}
 j - a potion of might {unknown}
 l - a potion of flight {unknown}
 m - 2 potions of magic {unknown}
 p - a potion of berserk rage {unknown}
 q - a potion of attraction {unknown}
 r - 2 potions of heal wounds {unknown}
 u - a potion of degeneration {unknown}
 x - a potion of curing {unknown}


   Skills:
 + Level 9.1 Fighting
 + Level 4.2 Maces & Flails
 - Level 2.6 Dodging
 - Level 2.6 Unarmed Combat


You had 7 spell levels left.
You didn't know any spells.
Your spell library contained the following spells:

 Spells                   Type           Power      Damage    Failure   Level
 Frozen Ramparts          Ice            0%         1d1       77%         3
 Ice Form                 Ice/Tmut       0%         N/A       99%         4
 Summon Ice Beast         Ice/Summ       0%         N/A       99%         4


Dungeon Overview and Level Annotations

Branches:
Dungeon (6/15)             Temple (0/1) D:4

Altars:
Ashenzari
Fedhas
Hepliaklqana
Makhleb
Ru
Vehumet
Wu Jian

Shops:
D:1 ?[


Innate Abilities, Weirdness & Mutations

Your life essence is reduced to manifest your ancestor. (-10% HP)
You have a pair of horns on your head.
You are partially covered in rugged brown scales. (AC +1, +3% HP)


Message History

A two-headed ogre comes into view.
It is wielding a +0 giant spiked club and a +0 giant club.
The two-headed ogre shouts in stereo!
Henutmehyt hits the electric eel with a +0 dagger of draining.
Henutmehyt hits the electric eel with a +0 dagger of draining!
Henutmehyt drains the electric eel.
The electric eel dies!
An electric eel comes into view.
Henutmehyt hits the two-headed ogre with a +0 dagger of draining!
Henutmehyt drains the two-headed ogre.
The two-headed ogre hits Henutmehyt with a +0 giant spiked club!!
Henutmehyt is destroyed!
An iguana comes into view.
The iguana hisses angrily.
You barely miss the two-headed ogre.
You headbutt the two-headed ogre, but do no damage.
The two-headed ogre is moderately wounded.
An ice beast comes into view.
The two-headed ogre hits you with a +0 giant spiked club!!
Ouch! That really hurt!
The two-headed ogre hits you with a +0 giant club.
You are too injured to fight recklessly!
Unknown command.
Unknown command.
You hit the two-headed ogre.
The two-headed ogre and the electric eel shudder.
The two-headed ogre is moderately wounded.
The electric eel is moderately wounded.
You headbutt the two-headed ogre.
The two-headed ogre is heavily wounded.
Unknown command.
You sock the two-headed ogre!
The two-headed ogre and the electric eel shudder.
The two-headed ogre is severely wounded.
You kill the electric eel!
You hear a splash.
The two-headed ogre is severely wounded.
The two-headed ogre hits you with a +0 giant spiked club!!
* * * LOW HITPOINT WARNING * * *
The two-headed ogre hits you with a +0 giant club!!
You die...

....
..#.≈♣♣♣≈~≈♣♣♣≈.≈♣
#.≈≈≈≈≈~≈≈≈≈≈.≈≈
.~~...~..~~~.~~
.≈≈≈≈≈.≈≈≈≈≈~≈≈
.≈♣♣♣≈.≈♣♣♣≈.≈♣
..≈ ♣≈.≈♣ ≈.≈♣
..≈♣♣♣≈.≈♣♣♣≈~≈♣
.~≈≈≈≈≈~≈≈≈≈≈. ≈
.~.~...@~.....
..≈≈≈≈≈O≈≈≈≈≈.
..≈♣♣♣≈~≈♣♣♣≈. .~≈
♣≈~≈♣ ≈. ♣≈~≈♣
Y≈l≈≈ ~.....


You could see a two-headed ogre (drained), an ice beast and an iguana.

Vanquished Creatures
  Sigmund (D:2)
  A black bear (D:5)
  2 ogres (D:4)
  2 scorpions (D:5)
  A howler monkey (D:4)
  3 electric eels (D:6)
  A jelly (D:5)
  3 hounds (D:5)
  2 iguanas
  3 gnolls (D:2)
  3 adders
  An ufetubus (D:4)
  4 dart slugs
  3 ball pythons
  6 bats
  2 endoplasms (D:3)
  3 giant cockroaches
  7 goblins
  8 hobgoblins
  4 jackals
  4 quokkas
  3 frilled lizards
  6 kobolds
  6 rats
79 creatures vanquished.

Vanquished Creatures (collateral kills)
  An ice beast (D:5)
  An ogre (D:4)
  An electric eel (D:6)
  A howler monkey (D:5)
  A white imp (D:6)
  An endoplasm (D:3)
  A quokka (D:3)
  A frilled lizard (D:3)
8 creatures vanquished.

Vanquished Creatures (others)
  2 hexers (D:6)
2 creatures vanquished.

Grand Total: 89 creatures vanquished

Notes
Turn   | Place    | Note
-------+----------+-------------------------------------------
     0 | D:1      | ryw the Demonspawn Monk began the quest for the Orb.
     0 | D:1      | Reached XP level 1. HP: 18/18 MP: 1/1
    60 | D:1      | Found Suci Les's Magic Scroll Boutique.
    86 | D:1      | Found Adiu's Armour Boutique.
   307 | D:1      | Gained mutation: You are partially covered in rugged brown
                  | scales. (AC +1, +3% HP) [demonic ancestry]
   307 | D:1      | Reached XP level 2. HP: 18/24 MP: 2/2
   429 | D:1      | Reached skill level 4 in Fighting
   504 | D:1      | Gained mutation: You have a pair of small horns on your
                  | head. [demonic ancestry]
   504 | D:1      | Reached XP level 3. HP: 25/30 MP: 3/3
  1600 | D:2      | Noticed Sigmund
  1613 | D:2      | Killed Sigmund
  1614 | D:2      | Reached skill level 6 in Fighting
  1614 | D:2      | Reached XP level 4. HP: 26/42 MP: 4/4
  1614 | D:2      | Reached XP level 5. HP: 29/48 MP: 5/5
  2212 | D:3      | Found a hazy altar of Hepliaklqana.
  2229 | D:3      | Became a worshipper of Hepliaklqana the Forgotten
  2229 | D:3      | Reached * piety under Hepliaklqana
  2229 | D:3      | Reached ** piety under Hepliaklqana
  2230 | D:3      | Remembered your ancestor Henutmehyt as a hexer
  2425 | D:3      | Found a sacrificial altar of Ru.
  2463 | D:3      | Reached XP level 6. HP: 31/49 MP: 6/6
  2594 | D:3      | Found a faded altar of an unknown god.
  2602 | D:3      | Found a blossoming altar of Fedhas.
  3355 | D:4      | Found the +6 shillelagh "Devastator" {shatter}
  3360 | D:4      | Reached skill level 7 in Fighting
  3576 | D:4      | Found a staircase to the Ecumenical Temple.
  3580 | D:4      | Reached skill level 1 in Maces & Flails
  3580 | D:4      | Gained mutation: You have a pair of horns on your head.
                  | [demonic ancestry]
  3580 | D:4      | Reached XP level 7. HP: 56/56 MP: 7/7
  3693 | D:4      | Found an ornate altar of the Wu Jian Council.
  4078 | D:4      | Found a broken altar of Ashenzari.
  4112 | D:4      | Reached *** piety under Hepliaklqana
  4364 | D:5      | Entered Level 5 of the Dungeon
  4370 | D:5      | Found a burning altar of Makhleb.
  4379 | D:5      | Reached skill level 8 in Fighting
  4559 | D:5      | Found a radiant altar of Vehumet.
  4702 | D:5      | Reached XP level 8. HP: 65/65 MP: 8/8
  4804 | D:6      | Reached skill level 9 in Fighting
  4900 | D:6      | Noticed a two-headed ogre
  4908 | D:6      | HP: 2/66 [two-headed ogre/+0 giant spiked club (22)]
  4908 | D:6      | Demolished by a two-headed ogre

Illustrated notes

Levels and vault maps discovered:
D:1:      kennysheep_arrival_seaside, layout_loops_ring, serial_shops,
          nicolae_diamond_shop, shop, minmay_misc_feat_columns
D:2:      layout_basic, uniq_sigmund
D:3:      layout_loops_corners, nicolae_overflow_ecumenical_swirl,
          mainiacjoe_overflow_cross_hatched, old_standard_altar, serial_bayou,
          serial_bayou_shore_b, serial_bayou_shore_b, serial_bayou_pond_c,
          serial_bayou_shore_a, serial_bayou_crossing
D:4:      layout_basic, pdpol_wu_jian_five_deadly_venoms, ashenzari_altar_1,
          minmay_temple_entry_wispy, dilly_guarded_unrand_devastator
D:5:      layout_rooms, marbit_many_paths, bloody_makhleb
D:6:      layout_cave_pools, kennysheep_boxes

Skill      XL: |  1  2  3  4  5  6  7  8 |
---------------+-------------------------+-----
Fighting       | 4 6 7 8 9 |  9.1
Maces & Flails | 1 3 4 |  4.2
Dodging        | |  2.6
Unarmed Combat | |  2.6

Action                     |  1- 3 |  4- 6 |  7- 9 || total
---------------------------+-------+-------+-------++-------
  Melee: Unarmed           |   133 |    61 |       ||   194
         Headbutt          |    13 |    16 |     4 ||    33
         Whip              |       |    15 |       ||    15
         Shillelagh        |       |     4 |    28 ||    32
  Throw: Dart              |       |     4 |       ||     4
 Invoke: Ancestor Life: He |       |     1 |       ||     1
    Use: Potion            |     1 |       |       ||     1
         Scroll            |       |     7 |     4 ||    11
   Stab: Confused          |       |       |     1 ||     1
 Armour: Robe              |    41 |    10 |       ||    51
         Plate armour      |       |    19 |       ||    19
         Leather armour    |       |     2 |     6 ||     8
  Dodge: Dodged            |    86 |    33 |    12 ||   131
